 Dungeon Crawl Stone Soup version 0.29-a0-615-gdeedd76f10 (webtiles) character file.

Game seed: 3586652156675529922

119 Essalna the Poker (level 5, -19/46 HPs)
             Began as a Hill Orc Gladiator on June 17, 2022.
             Demolished by an ogre
             ... wielding a +0 giant club
              (21 damage)
             ... on level 4 of the Dungeon.
             The game lasted 00:06:11 (2944 turns).

Essalna the Poker (Hill Orc Gladiator)              Turns: 2944, Time: 00:06:12

Health: -19/46     AC:  5    Str: 19    XL:     5   Next: 3%
Magic:  5/5        EV: 12    Int:  8    God:
Gold:   178        SH:  0    Dex: 12    Spells: 4/4 levels left

rFire   . . .      SeeInvis .   a - +0 trident
rCold   + . .      Faith    .   (no shield)
rNeg    . . .      Spirit   .   b - +0 leather armour
rPois   .          Reflect  .   c - +0 helmet
rElec   .          Harm     .   (no cloak)
rCorr   .          Rampage  .   q - +0 pair of gloves
Will    .....                   (no boots)
Stlth   +.........              s - amulet of regeneration
HPRegen 0.95/turn               k - ring of protection from cold
MPRegen 0.09/turn               (no ring)

@: no status effects
A: no striking features
a: no special abilities


You were on level 4 of the Dungeon.
You visited 1 branch of the dungeon, and saw 4 of its levels.

You collected 178 gold pieces.

Inventory:

Hand Weapons
 a - a +0 trident (weapon)
Missiles
 e - 5 javelins (quivered)
Armour
 b - a +0 leather armour (worn)
 c - a +0 helmet (worn)
 q - a +0 pair of gloves (worn)
Jewellery
 k - a ring of protection from cold (left hand)
 s - an amulet of regeneration (around neck)
Wands
 u - a wand of iceblast (12)
Scrolls
 f - a scroll of magic mapping
 i - 3 scrolls of fog
 m - 4 scrolls of identify
 n - a scroll of silence {unknown}
 v - a scroll of immolation {unknown}
 x - a scroll of teleportation
Potions
 g - 2 potions of curing
 h - 2 potions of mutation {unknown}
 j - a potion of magic {unknown}
 l - 2 potions of heal wounds {unknown}
 o - 2 potions of brilliance {unknown}
 p - 2 potions of haste {unknown}
 r - a potion of might {unknown}
 w - a potion of degeneration {unknown}


   Skills:
 + Level 3.7 Fighting
 + Level 4.2 Polearms
 - Level 1.7 Throwing
 + Level 2.2 Armour
 - Level 3.0 Dodging


You had 4 spell levels left.
You didn't know any spells.
Your spell library contained the following spells:

 Spells                   Type           Power      Damage    Failure   Level
 Necrotize                Necr           0%         1d4       45%         1
 Vampiric Draining        Necr           0%         2d6       83%         3
 Agony                    Necr           0%         N/A       100%        5


Dungeon Overview and Level Annotations

Branches:
Dungeon (4/15)
 Temple: D:4-7

Altars:
Ashenzari
Makhleb
Ru
Sif Muna
Uskayaw
The Shining One

Shops:
D:2 *[:=*


Message History

You climb downwards.
Found 10 gold pieces and a scroll labelled VIOC GYLUTZ.
There is a stone staircase leading up here.
You now have 178 gold pieces (gained 10).
Found a sacrificial altar of Ru.
An ogre comes into view. It is wielding a +0 giant club.
The ogre shouts!
Throw: 2 throwing nets
Press: ? - help, Q - select action, (/) - cycle Shift-Dir - straight line, f - ogre
Aim: an ogre, wielding a +0 giant club (73% to hit)
You throw a throwing net.
The throwing net closely misses the ogre.
Throw: throwing net
Press: ? - help, Q - select action, (/) - cycle Shift-Dir - straight line, f/p - ogre
Aim: an ogre, wielding a +0 giant club (73% to hit)
You throw a throwing net.
The throwing net barely misses the ogre.
You throw an atropa-tipped dart.
The atropa-tipped dart barely misses the ogre.
You throw an atropa-tipped dart.
The atropa-tipped dart closely misses the ogre.
You throw a javelin. The javelin pierces through the ogre!
The ogre is heavily wounded.
The ogre hits you with a +0 giant club!!
You are too injured to fight recklessly!
Reach: a) +0 trident
Press: ? - help, Dir - move target, f/p - ogre
Aim: an ogre, wielding a +0 giant club (heavily wounded, about 26% to evade your +0 trident)
You barely miss the ogre.
The ogre is heavily wounded.
The ogre hits you with a +0 giant club!!
Ouch! That really hurt!
* * * LOW HITPOINT WARNING * * *
Reach: a) +0 trident
Press: ? - help, Dir - move target, f/p - ogre
Aim: an ogre, wielding a +0 giant club (heavily wounded, about 26% to evade your +0 trident)
You hit the ogre.
The ogre is heavily wounded.
The ogre hits you with a +0 giant club!!
You die...

..## #..###
#..#..
#..#.#
#..#.#
#..#.#
#..#.#.#...
#..@?...._.
#<.#O#.#...
#..#(#
#..#(#
...#.#
....#.(
.....###
.......
........


You could see an ogre.

Vanquished Creatures
  A gnoll (D:3)
  2 adders
  2 worms (D:3)
  2 dart slugs
  5 orcs (D:3)
  5 bats
  12 endoplasms
  A giant cockroach (D:3)
  6 goblins
  9 hobgoblins
  4 jackals
  3 quokkas
  3 ball pythons
  5 frilled lizards
  3 kobolds
  6 rats
69 creatures vanquished.

Notes
Turn   | Place    | Note
-------+----------+-------------------------------------------
     0 | D:1      | Essalna the Hill Orc Gladiator began the quest for the Orb.
     0 | D:1      | Reached XP level 1. HP: 18/18 MP: 1/1
   210 | D:1      | Found a faded altar of an unknown god.
   220 | D:1      | Reached XP level 2. HP: 25/25 MP: 2/2
   851 | D:1      | Reached skill level 1 in Armour
   869 | D:1      | Reached XP level 3. HP: 27/30 MP: 3/3
  1403 | D:2      | Found Gop Poif's General Store.
  1443 | D:2      | Found Kuclikh's Antique Armour Boutique.
  1543 | D:2      | Found Haej's Jewellery Shop.
  1552 | D:2      | Found Iluumpe's Book Shoppe.
  1569 | D:2      | Found Tounoc Yxkops's Assorted Antiques.
  1881 | D:2      | Reached XP level 4. HP: 38/38 MP: 4/4
  2067 | D:3      | Found a glowing golden altar of the Shining One.
  2286 | D:3      | Reached skill level 4 in Polearms
  2517 | D:3      | Found a shimmering blue altar of Sif Muna.
  2520 | D:3      | Found a broken altar of Ashenzari.
  2528 | D:3      | Found a burning altar of Makhleb.
  2534 | D:3      | Found a hide-covered altar of Uskayaw.
  2903 | D:3      | Reached XP level 5. HP: 46/46 MP: 5/5
  2935 | D:4      | Found a sacrificial altar of Ru.
  2937 | D:4      | Noticed an ogre
  2943 | D:4      | HP: 1/46 [ogre/+0 giant club (24)]
  2944 | D:4      | Demolished by an ogre

Illustrated notes

Levels and vault maps discovered:
D:1:      scummos_arrival_simple_crosswalls, layout_loops_corners,
          ebering_ecumenical_altar_sacrificial, bh_walls_and_bars
D:2:      layout_rooms, serial_shops, shop, shop, shop_statue,
          nicolae_shop_statue_plus, nicolae_diamond_shop
D:3:      layout_loops_cross, grunt_temple_overflow_cloverleaf,
          nicolae_tso_swordbearing_angel, st_stairs_11,
          wander_ebering_terrifying_dragon_lair
D:4:      layout_cave_pods, nicolae_ru_sacrificial_ziggurat,
          minmay_temple_entry_offerings, minivault_4

Skill      XL: |  1  2  3  4 |
---------------+-------------+-----
Armour         | 1 2 |  2.2
Fighting       | 3 |  3.7
Polearms       | 4 |  4.2
Dodging        | 3 |  3.0
Throwing       | |  1.7

Action                   |  1- 3 |  4- 6 || total
-------------------------+-------+-------++-------
Melee: Trident           |   126 |   121 ||   247
Throw: Throwing net      |     2 |     2 ||     4
       Dart              |       |     2 ||     2
       Javelin           |       |     1 ||     1
  Use: Scroll            |     4 |     2 ||     6
 Stab: Sleeping          |       |     1 ||     1
Armor: Leather armour    |    25 |    27 ||    52
Dodge: Dodged            |    56 |    59 ||   115

Table legend: (Time is in decaauts)
 A = Elapsed time spent in this place.
 B = Non-inter-level travel time spent in this place.
 C = Inter-level travel time spent in this place.
 D = Time resting spent in this place.
 E = Time spent auto-exploring this place.
 F = Levels seen in this place.
 G = Mean time per level.
                   A        B        C        D        E       F      G
               +--------+--------+--------+--------+--------+-----+--------+
         Total |   2969 |   2886 |     83 |      0 |   2346 |   4 |  742.2 |
       Dungeon |   2969 |   2886 |     83 |      0 |   2346 |   4 |  742.2 |
               +--------+--------+--------+--------+--------+-----+--------+

Top non-repeatable levels by time:
     D:1: 1293 daAuts
     D:3: 1004 daAuts
     D:2: 659 daAuts
     D:4: 11 daAuts
